 Dungeon Crawl Stone Soup version 0.24.0-1-gfbc8707 (webtiles) character file.

Game seed: 1247744255201555740, levelgen mode: deterministic

275 Buxparty the Sneak (level 6, -1/32 HPs)
             Began as a Spriggan Assassin on Jan 1, 2020.
             Killed from afar by an orc wizard (5 damage)
             ... with a magic dart
             ... on level 4 of the Dungeon.
             The game lasted 00:11:46 (4164 turns).

Buxparty the Sneak (Spriggan Assassin)              Turns: 4164, Time: 00:11:47

Health: -1/32      AC:  3    Str:  9    XL:     6   Next: 3%
Magic:  7/7        EV: 19    Int: 16    God:
Gold:   155        SH:  0    Dex: 17    Spells: 5/5 levels left

rFire    + . .     SeeInvis +   v - -2 short sword (curse)
rCold    . . .     Gourm    .   (shield restricted)
rNeg     . . .     Faith    .   b - +0 robe
rPois    .         Spirit   .   (helmet restricted)
rElec    .         Reflect  .   c - +0 cloak
rCorr    .         Harm     .   (gloves unavailable)
MR       +....                  (boots unavailable)
Stlth    ++++......             (no amulet)
HPRegen  0.10/turn              l - +3 ring of intelligence
MPRegen  0.10/turn              r - ring of protection from fire

@: very quick
A: very small, unfitting armour, see invisible, herbivore, speed 3, slow
metabolism 2
a: no special abilities


You were on level 4 of the Dungeon.
You were very full.

You visited 1 branch of the dungeon, and saw 4 of its levels.

You collected 155 gold pieces.

Inventory:

Hand Weapons
 a - a +2 dagger
 u - a +0 antimagic dagger
 v - a cursed -2 short sword (weapon)
Missiles
 d - 27 poisoned darts (quivered)
 e - 2 curare-tipped darts
 t - 16 arrows
Armour
 b - a +0 robe (worn)
 c - a +0 cloak (worn)
Jewellery
 l - a +3 ring of intelligence (left hand)
 r - a ring of protection from fire (right hand)
Scrolls
 h - a scroll of identify
 j - 3 scrolls of teleportation
 p - a scroll of amnesia
Potions
 g - a potion of agility {unknown}
 k - a potion of haste {unknown}
 m - a potion of lignification {unknown}
 n - a potion of mutation {unknown}
 o - 2 potions of heal wounds {unknown}
 q - 2 potions of might {unknown}
 s - a potion of degeneration {unknown}
Comestibles
 f - 3 rations


   Skills:
 * Level 3.1 Fighting
 + Level 3.2 Short Blades
 * Level 3.7 Throwing
 + Level 3.5 Dodging
 + Level 6.8 Stealth


You had 5 spell levels left.
You didn't know any spells.
Your spell library contained the following spells:

 Spells                   Type           Power        Failure   Level  Hunger
 Confusing Touch          Hex            #.....       26%         1    ##.....
 Corona                   Hex            #......      26%         1    ##.....
 Ensorcelled Hibernation  Hex/Ice        #.....       36%         2    ###....
 Confuse                  Hex            #.......     58%         3    ####...
 Dazzling Spray           Conj/Hex       #.....       58%         3    ####...
 Gell's Gravitas          Tloc           #.........   58%         3    ####...
 Tukima's Dance           Hex            #.......     58%         3    ####...
 Petrify                  Tmut/Erth      #.......     94%         4    #####..
 Metabolic Englaciation   Hex/Ice        #.........   100%        5    ######.
 Yara's Violent Unravell  Hex/Tmut       #.........   100%        5    ######.


Dungeon Overview and Level Annotations

Branches:
Dungeon (4/15)
 Temple: D:4-7

Altars:
Fedhas


Innate Abilities, Weirdness & Mutations

You are very small and have problems with some larger weapons.
You are too small for most types of armour.
You have supernaturally acute eyesight. (SInv)
You are a herbivore.
You cover ground extremely quickly.
You need to consume almost no food.


Message History

The orc wizard is severely wounded.
The orc wizard closely misses you. The orc hits you.
* * * LOW HITPOINT WARNING * * *
The orc wizard points at you and mumbles some strange words.
The puff of frost misses you.
You hit the orc wizard.
The orc wizard is almost dead.
The orc closely misses you. The orc misses you.
The orc wizard casts a spell at you. The puff of frost hits you.
* * * LOW HITPOINT WARNING * * *
You hit the orc wizard.
The orc wizard is almost dead.
The orc wizard looks satisfied for a moment.
The orc misses you. x2
You closely miss the orc wizard.
The orc wizard is almost dead.
The orc wizard gestures at you while chanting.
The magic dart hits you.
You die...

#.......... #..........
#.....[.... #..........
#.......... #..........
##+## ##.ooo......
#...####...@.......
#...+.##...........
######...#.##.......[...
..<.##...#.##.##+#######
###.##...#.....#
...............####
....##.#.#.##..#..#
...§§†§#....#..#..#
..§>......#.#.....#####+####


You could see an orc wizard and 2 orcs.

Vanquished Creatures
  Natasha (thrice) (D:3)
  2 worker ants
  6 adders
  An ooze (D:1)
  4 worms
  2 leopard geckos (D:3)
  7 orcs
  2 ball pythons
  9 bats
  2 giant cockroaches
  4 goblins
  7 hobgoblins
  9 jackals
  8 kobolds
  2 quokkas
  2 frilled lizards
  7 rats
77 creatures vanquished.

Notes
Turn   | Place    | Note
-------+----------+-------------------------------------------
     0 | D:1      | Buxparty the Spriggan Assassin began the quest for the Orb.
     0 | D:1      | Reached XP level 1. HP: 10/10 MP: 2/2
   255 | D:1      | Reached XP level 2. HP: 13/15 MP: 3/3
   553 | D:2      | Reached skill level 6 in Stealth
   905 | D:2      | Reached XP level 3. HP: 7/18 MP: 4/4
  1715 | D:2      | Reached XP level 4. HP: 11/23 MP: 5/5
  2824 | D:3      | Reached XP level 5. HP: 26/27 MP: 6/6
  3103 | D:3      | Noticed Natasha
  3161 | D:3      | Found a blossoming altar of Fedhas.
  3652 | D:3      | Killed Natasha
  3890 | D:3      | Noticed Natasha
  3952 | D:3      | Killed Natasha
  4003 | D:3      | Noticed Natasha
  4010 | D:3      | Killed Natasha
  4071 | D:4      | Reached XP level 6. HP: 26/32 MP: 7/7
  4164 | D:4      | Killed from afar by an orc wizard

Levels and vault maps discovered:
D:1:      eino_arrival_druids_welcome, layout_loops_cross,
          minmay_misc_feat_nine_boxes
D:2:      layout_basic
D:3:      lemuel_upstairs_altar, layout_rooms, fedhas_altar_1, minivault_24,
          uniq_natasha
D:4:      layout_basic, lemuel_coloured_pillars_altar, first_ration

Skill      XL: |  1  2  3  4  5 |
---------------+----------------+-----
Fighting       | 2 3 |  3.1
Stealth        | 6 |  6.8
Dodging        | 2 3 |  3.5
Throwing       | 3 |  3.7
Short Blades   | 3 |  3.2

Action                   |  1- 3 |  4- 6 || total
-------------------------+-------+-------++-------
Melee: Dagger            |    98 |   239 ||   337
       Short sword       |       |    17 ||    17
Throw: Dart              |     2 |    19 ||    21
  Use: Scroll            |       |     3 ||     3
 Stab: Sleeping          |    11 |    12 ||    23
       Distracted        |       |     1 ||     1
  Eat: Ration            |     2 |     2 ||     4
Armor: Robe              |    14 |    33 ||    47
Dodge: Dodged            |    72 |   195 ||   267
